 Dungeon Crawl Stone Soup version 0.22-a0-346-ga714374 (webtiles) character file.

10823 xccam the Fighter (level 11, -13/95 HPs)
             Began as a Gnoll Wanderer on Apr 6, 2018.
             Was a High Priest of Qazlal.
             Mangled by a large slime creature (25 damage)
             ... on level 12 of the Dungeon.
             The game lasted 00:19:52 (8322 turns).

xccam the Fighter (Gnoll Wanderer)                  Turns: 8322, Time: 00:19:53

Health: -13/95     AC: 18    Str: 19    XL:     11   Next: 68%
Magic:  20/20      EV: 11    Int: 14    God:    Qazlal [*****.]
Gold:   474        SH: 13    Dex: 15    Spells: 22/22 levels left

rFire    . . .     SeeInvis .   E - +8 war axe of Efruqydo {flame, rElec rN+ MR+ Str+2 Dex-5}
rCold    + . .     Gourm    .   A - +0 buckler
rNeg     + . .     Faith    .   L - +0 chain mail
rPois    .         Spirit   .   (no helmet)
rElec    +         Reflect  .   O - +0 cloak {+Inv}
rCorr    .         Harm     .   I - +1 pair of gloves of Oblivion {+Inv rC+ Dex+4}
MR       +....                  q - +0 pair of boots
Stlth    ..........             (no amulet)
HPRegen  0.25/turn              h - ring of loudness (curse)
MPRegen  0.17/turn              k - ring of flight

@: protected from physical damage, repel missiles
A: distributed training, fangs 1, strong nose
a: Upheaval, Elemental Force, Disaster Area, Renounce Religion, Evoke
Invisibility, Evoke Flight


You were on level 12 of the Dungeon.
You worshipped Qazlal.
Qazlal was extremely pleased with you.
You were not hungry.

You visited 1 branch of the dungeon, and saw 12 of its levels.

You collected 740 gold pieces.
You spent 266 gold pieces at shops.

Inventory:

Hand Weapons
 c - a +0 shortbow
 E - the +8 war axe of Efruqydo (weapon) {flame, rElec rN+ MR+ Str+2 Dex-5}
   (You found it on level 5 of the Dungeon)

   It has been specially enchanted to burn those struck by it, causing extra
   injury to most foes and up to half again as much damage against particularly
   susceptible opponents.
   Big, fiery blades are also staple armaments of hydra-hunters.
   It affects your strength (+2).
   It affects your dexterity (-5).
   It insulates you from electricity.
   It protects you from negative energy.
   It affects your resistance to hostile enchantments.
Missiles
 b - 25 tomahawks (quivered)
 d - 360 arrows
Armour
 q - a +0 pair of boots (worn)
 A - a +0 buckler (worn)
 I - the +1 pair of gloves of Oblivion (worn) {+Inv rC+ Dex+4}
   (You bought it in a shop on level 6 of the Dungeon)

   It affects your dexterity (+4).
   It protects you from cold.
   It lets you turn invisible.
 K - a +0 plate armour
 L - a +0 chain mail (worn)
 O - a +0 cloak of invisibility (worn)
Jewellery
 h - a cursed ring of loudness (left hand)
 k - a ring of flight (right hand)
 T - an uncursed ring of wizardry {unknown}
Wands
 g - a wand of digging (14)
 i - a wand of clouds (8)
 m - a wand of scattershot (4)
 t - a wand of acid (12)
 v - a wand of random effects (52)
 z - a wand of paralysis (40)
Scrolls
 a - a scroll of vulnerability {unknown}
 l - a scroll of blinking {unknown}
 n - 3 scrolls of immolation
 p - 2 scrolls of fog
 r - 2 scrolls of teleportation
 u - a scroll of amnesia {unknown}
 w - 4 scrolls of enchant weapon {unknown}
 y - a scroll of noise {unknown}
 D - a scroll of random uselessness {unknown}
 G - 2 scrolls of remove curse {unknown}
 H - 5 scrolls of identify
 M - a scroll of summoning {unknown}
 N - a scroll of acquirement {unknown}
 R - a scroll of torment {unknown}
Potions
 e - 2 potions of resistance
 j - 2 potions of brilliance
 o - 3 potions of ambrosia
 s - 3 potions of mutation
 x - 3 potions of curing {unknown}
 B - a potion of flight {unknown}
 C - a potion of berserk rage {unknown}
 F - a potion of heal wounds {unknown}
 J - a potion of magic {unknown}
 Q - a potion of might
 S - a potion of agility
 U - a potion of lignification {unknown}
 V - a potion of degeneration {unknown}
Comestibles
 f - 14 rations
 P - 4 chunks of flesh


   Skills:
 + Level 12.0 Fighting
 + Level 6.4 Short Blades
 + Level 6.4 Long Blades
 + Level 8.0 Axes
 + Level 6.4 Maces & Flails
 + Level 6.4 Polearms
 + Level 6.4 Staves
 + Level 6.4 Slings
 + Level 7.0 Bows
 + Level 6.4 Crossbows
 + Level 6.4 Throwing
 + Level 6.4 Armour
 + Level 6.4 Dodging
 + Level 7.7 Stealth
 + Level 6.4 Shields
 + Level 6.4 Unarmed Combat
 + Level 6.4 Spellcasting
 + Level 5.3 Conjurations
 + Level 5.3 Hexes
 + Level 5.3 Charms
 + Level 5.3 Summonings
 + Level 5.3 Necromancy
 + Level 5.3 Translocations
 + Level 5.3 Transmutations
 + Level 5.3 Fire Magic
 + Level 5.3 Ice Magic
 + Level 5.3 Air Magic
 + Level 5.3 Earth Magic
 + Level 5.3 Poison Magic
 + Level 7.0 Invocations
 + Level 6.4 Evocations


You had 22 spell levels left.
You didn't know any spells.

Dungeon Overview and Level Annotations

Branches:
Dungeon (12/15)            Temple (0/1) D:7            Lair (0/6) D:8
    Orc (0/2) D:11

Altars:
Cheibriados
Dithmenos
Hepliaklqana
Kikubaaqudgha
Makhleb
Nemelex Xobeh
Qazlal
Ru
Trog
Uskayaw
Vehumet
Wu Jian
The Shining One

Shops:
D:5 =   D:6 *   D:7 *   D:11 (}:


Innate Abilities, Weirdness & Mutations

Your experience applies equally to all skills.
You have very sharp teeth.
Your uncanny sense of smell can sniff out nearby items.


Message History

The very large slime creature is severely wounded.
A very large slime creature splits.
You slash the slime creature! You burn the slime creature.
You bite the slime creature, but do no damage.
The slime creature is almost dead.
You slash the large slime creature! You burn the large slime creature.
The large slime creature hits you!
You feel more protected from physical attacks.
The slime creature is engulfed in blazing flames.
You kill the slime creature!
Qazlal accepts your kill.
Your Fighting skill increases to level 12!
Your Axes skill increases to level 8!
Your Bows skill increases to level 7!
You slash the large slime creature! You burn the large slime creature.
The large slime creature is almost dead.
The large slime creature hits you!!
* * * LOW HITPOINT WARNING * * *
The large slime creature is engulfed in blazing flames.
The large slime creature hits you!!
You die...

#..............#.#
#.#
#..............#.#
#.#
############'#.#.#
#(# #<#.#.## #.#
#.#.#..# #.#
#.#.##.# #.#
#.#.##.# #.#
#.#.##.###.#
#.#@.#.....#
#.##J#######
#.##.####
#.......#
####ยง##.# #....#
# #.(..# ####.#
#.#


You could see a large slime creature.

Vanquished Creatures
  2 two-headed ogres
  An ugly thing (D:11)
  Maurice (D:10)
  A cyclops (D:11)
  Joseph (D:10)
  A gargoyle (D:10)
  2 trolls
  A slime creature (D:12)
  Sigmund (D:3)
  A shadow (D:11)
  2 steam dragons
  Menkaure (D:5)
  A warg (D:11)
  7 orc warriors
  2 sky beasts
  An eye of draining (D:10)
  3 phantoms
  2 necrophages (D:10)
  3 ice beasts
  5 ogres
  8 centaurs
  2 big kobolds
  9 bullfrogs
  A wyvern zombie (D:10)
  3 scorpions
  22 killer bees
  5 wights (D:11)
  4 howler monkeys
  3 crimson imps
  A quasit (D:7)
  A bullfrog zombie (D:10)
  2 jellies
  A centaur skeleton (D:4)
  4 orc priests
  9 hounds
  10 orc wizards
  3 bullfrog skeletons
  3 iguanas
  5 worker ants
  2 hound skeletons
  4 gnolls (D:2)
  13 adders
  A shadow imp (D:9)
  4 worms
  A dart slug (D:5)
  7 leopard geckos
  46 orcs
  3 giant cockroaches
  6 goblins
  5 hobgoblins
  14 jackals
  2 quokkas
  4 ball pythons
  3 bats (D:2)
  3 frilled lizards
  3 goblin skeletons (D:9)
  2 goblin zombies (D:9)
  2 jackal skeletons (D:8)
  12 kobolds
  2 kobold skeletons (D:9)
  2 kobold zombies (D:9)
  An orc skeleton (D:9)
  An orc zombie (D:9)
  6 rats
284 creatures vanquished.

Notes
Turn   | Place    | Note
-------+----------+-------------------------------------------
     0 | D:1      | Reached skill level 10 in Fighting
     0 | D:1      | xccam the Gnoll Wanderer began the quest for the Orb.
     0 | D:1      | xccam set off with: a +2 hand axe, a +0 ring mail, a +0 shortbow, 20 arrows, a +0 dagger, a ration
     0 | D:1      | Reached XP level 1. HP: 28/28 MP: 1/1
   315 | D:1      | Reached XP level 2. HP: 36/36 MP: 2/2
   535 | D:2      | Found a faded altar of an unknown god.
   559 | D:2      | Became a worshipper of Qazlal Stormbringer
   559 | D:2      | Reached * piety under Qazlal
   839 | D:2      | Found a shadowy altar of Dithmenos.
   868 | D:2      | Reached XP level 3. HP: 42/42 MP: 3/3
   996 | D:2      | Reached skill level 1 in Invocations
  1057 | D:2      | Reached skill level 1 in Short Blades
  1057 | D:2      | Reached skill level 1 in Long Blades
  1057 | D:2      | Reached skill level 1 in Maces & Flails
  1057 | D:2      | Reached skill level 1 in Polearms
  1057 | D:2      | Reached skill level 1 in Staves
  1057 | D:2      | Reached skill level 1 in Slings
  1057 | D:2      | Reached skill level 1 in Crossbows
  1057 | D:2      | Reached skill level 1 in Throwing
  1057 | D:2      | Reached skill level 1 in Armour
  1057 | D:2      | Reached skill level 1 in Dodging
  1057 | D:2      | Reached skill level 1 in Shields
  1057 | D:2      | Reached skill level 1 in Unarmed Combat
  1057 | D:2      | Reached skill level 1 in Spellcasting
  1057 | D:2      | Reached skill level 1 in Evocations
  1057 | D:2      | Reached XP level 4. HP: 42/48 MP: 5/5
  1248 | D:2      | Reached skill level 1 in Conjurations
  1248 | D:2      | Reached skill level 1 in Hexes
  1248 | D:2      | Reached skill level 1 in Charms
  1248 | D:2      | Reached skill level 1 in Summonings
  1248 | D:2      | Reached skill level 1 in Necromancy
  1248 | D:2      | Reached skill level 1 in Translocations
  1248 | D:2      | Reached skill level 1 in Transmutations
  1248 | D:2      | Reached skill level 1 in Fire Magic
  1248 | D:2      | Reached skill level 1 in Ice Magic
  1248 | D:2      | Reached skill level 1 in Air Magic
  1248 | D:2      | Reached skill level 1 in Earth Magic
  1248 | D:2      | Reached skill level 1 in Poison Magic
  1582 | D:3      | Reached XP level 5. HP: 54/54 MP: 6/6
  1587 | D:3      | Noticed Sigmund
  1609 | D:3      | Killed Sigmund
  1609 | D:3      | Reached XP level 6. HP: 3/61 MP: 6/8
  1949 | D:3      | Reached ** piety under Qazlal
  2223 | D:3      | Reached skill level 5 in Axes
  2283 | D:3      | Found an ornate altar of the Wu Jian Council.
  2593 | D:4      | Noticed a phantom
  2668 | D:4      | Killed a phantom
  2668 | D:4      | Reached XP level 7. HP: 50/67 MP: 10/10
  3112 | D:5      | Entered Level 5 of the Dungeon
  3118 | D:5      | Found an ancient bone altar of Kikubaaqudgha.
  3256 | D:5      | Found a snail-covered altar of Cheibriados.
  3323 | D:5      | Got a jewelled war axe
  3324 | D:5      | Identified the +8 war axe of Efruqydo {flame, rElec rN+ MR+ Str+2 Dex-5} (You found it on level 5 of the Dungeon)
  3331 | D:5      | Noticed Menkaure
  3337 | D:5      | Reached skill level 5 in Stealth
  3342 | D:5      | Killed Menkaure
  3342 | D:5      | Reached XP level 8. HP: 39/74 MP: 10/12
  3576 | D:5      | Found a stormy altar of Qazlal.
  3577 | D:5      | Found Osmiaq's Jewellery Shoppe.
  3851 | D:6      | Found a hide-covered altar of Uskayaw.
  3852 | D:6      | Found a sparkling altar of Nemelex Xobeh.
  3852 | D:6      | Found a sacrificial altar of Ru.
  4010 | D:6      | Reached *** piety under Qazlal
  4095 | D:6      | Found a bloodstained altar of Trog.
  4095 | D:6      | Found a hazy altar of Hepliaklqana.
  4110 | D:6      | Found Nithre Rats's Assorted Antiques.
  4123 | D:6      | Bought a pair of fine gloves for 266 gold pieces
  4133 | D:6      | Identified the +1 pair of gloves of Oblivion {+Inv rC+ Dex+4} (You bought it in a shop on level 6 of the Dungeon)
  4367 | D:7      | Found a staircase to the Ecumenical Temple.
  4712 | D:7      | Found Gaujaut's Assorted Antiques.
  4753 | D:7      | Reached skill level 11 in Fighting
  4753 | D:7      | Reached XP level 9. HP: 68/81 MP: 14/14
  5037 | D:8      | Found a snail-covered altar of Cheibriados.
  5181 | D:8      | Reached **** piety under Qazlal
  5234 | D:8      | Reached skill level 5 in Bows
  5503 | D:8      | Reached skill level 5 in Invocations
  5937 | D:8      | Found a staircase to the Lair.
  6045 | D:9      | Reached XP level 10. HP: 88/88 MP: 17/17
  6060 | D:9      | Found a glowing golden altar of the Shining One.
  6062 | D:9      | Reached ***** piety under Qazlal
  6471 | D:9      | Found a burning altar of Makhleb.
  6472 | D:9      | Found a radiant altar of Vehumet.
  6557 | D:10     | Entered Level 10 of the Dungeon
  6658 | D:10     | Noticed a gargoyle
  6667 | D:10     | Killed a gargoyle
  6667 | D:10     | Reached skill level 5 in Short Blades
  6667 | D:10     | Reached skill level 5 in Long Blades
  6667 | D:10     | Reached skill level 5 in Maces & Flails
  6667 | D:10     | Reached skill level 5 in Polearms
  6667 | D:10     | Reached skill level 5 in Staves
  6667 | D:10     | Reached skill level 5 in Slings
  6667 | D:10     | Reached skill level 5 in Crossbows
  6667 | D:10     | Reached skill level 5 in Throwing
  6667 | D:10     | Reached skill level 5 in Armour
  6667 | D:10     | Reached skill level 5 in Dodging
  6667 | D:10     | Reached skill level 5 in Shields
  6667 | D:10     | Reached skill level 5 in Unarmed Combat
  6667 | D:10     | Reached skill level 5 in Spellcasting
  6667 | D:10     | Reached skill level 5 in Evocations
  6891 | D:10     | Noticed a two-headed ogre
  6908 | D:10     | Killed a two-headed ogre
  7095 | D:10     | Noticed Maurice
  7105 | D:10     | Killed Maurice
  7185 | D:10     | Noticed Joseph
  7188 | D:10     | Killed Joseph
  7400 | D:11     | Found Ciudea's Book Boutique.
  7408 | D:11     | Reached XP level 11. HP: 88/95 MP: 19/19
  7430 | D:11     | Found Dises's Antique Weapon Shop.
  7584 | D:11     | Noticed a two-headed ogre
  7589 | D:11     | Killed a two-headed ogre
  7613 | D:11     | Noticed a cyan ugly thing
  7621 | D:11     | Killed a cyan ugly thing
  7621 | D:11     | Reached skill level 5 in Conjurations
  7621 | D:11     | Reached skill level 5 in Hexes
  7621 | D:11     | Reached skill level 5 in Charms
  7621 | D:11     | Reached skill level 5 in Summonings
  7621 | D:11     | Reached skill level 5 in Necromancy
  7621 | D:11     | Reached skill level 5 in Translocations
  7621 | D:11     | Reached skill level 5 in Transmutations
  7621 | D:11     | Reached skill level 5 in Fire Magic
  7621 | D:11     | Reached skill level 5 in Ice Magic
  7621 | D:11     | Reached skill level 5 in Air Magic
  7621 | D:11     | Reached skill level 5 in Earth Magic
  7621 | D:11     | Reached skill level 5 in Poison Magic
  7723 | D:11     | Found a staircase to the Orcish Mines.
  7737 | D:11     | Noticed a cyclops
  7748 | D:11     | Killed a cyclops
  8081 | D:11     | Found Feseishra's Gadget Shoppe.
  8307 | D:12     | Reached skill level 12 in Fighting
  8322 | D:12     | Mangled by a large slime creature

Vault maps used:
D:1:      lemuel_arrival_lava_pool, serial_bayou, serial_bayou_shore_b,
          serial_bayou_pond_d, serial_bayou_pond_c, serial_bayou_ford_a,
          minmay_misc_feat_diagonals
D:2:      lemuel_crystal_altar, chequers_ecumenical_altar_simple_redux,
          minmay_unequal
D:3:      marbit_many_paths, serial_bayou_lagoon_a, uniq_sigmund
D:5:      overflow_temple_1_default, kiku_gazebo_garden_becter, first_ration,
          basic_altar, serial_shops, shop, lemuel_another_geyser, uniq_menkaure
D:6:      gammafunk_temple_overflow_elements,
          gammafunk_temple_overflow_forgotten, serial_shops,
          nicolae_shop_competitors_out_of_business
D:7:      minmay_temple_entry_statues_pillars, serial_shops, shop_fountains
D:8:      slow_altar_1, lair_entry_dummy, special_room
D:9:      grunt_temple_overflow_lords_of_destruction,
          nicolae_tso_besieged_by_evil
D:10:     uniq_maurice, uniq_joseph
D:11:     david_orc_3, serial_shops, shop, shop, kennysheep_little_box
D:12:     portal_ice_cave_demonic_guard

Skill      XL: |  1  2  3  4  5  6  7  8  9 10 11 |
---------------+----------------------------------+-----
Fighting       | 11 12 | 12.0
Invocations    | 1 2 3 4 5 6 7 |  7.0
Short Blades   | 1 2 3 4 5 6 |  6.4
Long Blades    | 1 2 3 4 5 6 |  6.4
Maces & Flails | 1 2 3 4 5 6 |  6.4
Polearms       | 1 2 3 4 5 6 |  6.4
Staves         | 1 2 3 4 5 6 |  6.4
Slings         | 1 2 3 4 5 6 |  6.4
Crossbows      | 1 2 3 4 5 6 |  6.4
Throwing       | 1 2 3 4 5 6 |  6.4
Armour         | 1 2 3 4 5 6 |  6.4
Dodging        | 1 2 3 4 5 6 |  6.4
Shields        | 1 2 3 4 5 6 |  6.4
Unarmed Combat | 1 2 3 4 5 6 |  6.4
Spellcasting   | 1 2 3 4 5 6 |  6.4
Evocations     | 1 2 3 4 5 6 |  6.4
Conjurations   | 1 2 3 4 5 |  5.3
Hexes          | 1 2 3 4 5 |  5.3
Charms         | 1 2 3 4 5 |  5.3
Summonings     | 1 2 3 4 5 |  5.3
Necromancy     | 1 2 3 4 5 |  5.3
Translocations | 1 2 3 4 5 |  5.3
Transmutations | 1 2 3 4 5 |  5.3
Fire Magic     | 1 2 3 4 5 |  5.3
Ice Magic      | 1 2 3 4 5 |  5.3
Air Magic      | 1 2 3 4 5 |  5.3
Earth Magic    | 1 2 3 4 5 |  5.3
Poison Magic   | 1 2 3 4 5 |  5.3
Bows           | 3 4 5 6 7 |  7.0
Axes           | 5 6 7 8 |  8.0
Stealth        | 5 6 7 |  7.7

Action                   |  1- 3 |  4- 6 |  7- 9 | 10-12 || total
-------------------------+-------+-------+-------+-------++-------
Melee: Hand axe          |    80 |   134 |    46 |       ||   260
       Bite              |     7 |    17 |    21 |    27 ||    72
       Punch             |     1 |       |       |       ||     1
       War axe           |       |       |   205 |   235 ||   440
Throw: Tomahawk          |       |       |       |    11 ||    11
Evoke: Wand              |       |     2 |     1 |       ||     3
  Use: Potion            |       |     2 |       |       ||     2
       Scroll            |       |       |     7 |       ||     7
 Stab: Paralysed         |       |       |     2 |       ||     2
  Eat: Chunk             |       |     6 |    10 |     9 ||    25
Armor: Ring mail         |    30 |    39 |    36 |       ||   105
       Chain mail        |       |       |    41 |    58 ||    99
       Plate armour      |       |       |       |     1 ||     1
Dodge: Dodged            |    42 |    55 |   127 |    88 ||   312
       Deflected         |       |       |     1 |     6 ||     7
Block: Other             |     4 |     9 |     2 |       ||    15
       Buckler           |       |       |   122 |   132 ||   254

Table legend:
 A = Spawn XP
 B = Non-spawn XP
 C = Spawn XP percentage of total XP
 D = Spawn monster count
 E = Non-spawn monster count
 F = Spawn count percentage of total count
 G = Total turns spent on level
                    A         B        C        D         E        F      G
               +---------+---------+-------+---------+---------+-------+---------
         Total |       0 |   15462 |   0.0 |       0 |     284 |   0.0 |  8322
               +---------+---------+-------+---------+---------+-------+---------
           D:1 |       0 |      10 |   0.0 |       0 |       7 |   0.0 |   516
           D:2 |       0 |     148 |   0.0 |       0 |      27 |   0.0 |   993
           D:3 |       0 |     334 |   0.0 |       0 |      20 |   0.0 |  1026
           D:4 |       0 |     312 |   0.0 |       0 |      13 |   0.0 |   577
           D:5 |       0 |     558 |   0.0 |       0 |      14 |   0.0 |   603
           D:6 |       0 |     350 |   0.0 |       0 |      16 |   0.0 |   605
           D:7 |       0 |     692 |   0.0 |       0 |      12 |   0.0 |   717
           D:8 |       0 |    2168 |   0.0 |       0 |      58 |   0.0 |   927
           D:9 |       0 |     655 |   0.0 |       0 |      32 |   0.0 |   593
          D:10 |       0 |    3918 |   0.0 |       0 |      25 |   0.0 |   840
          D:11 |       0 |    4695 |   0.0 |       0 |      44 |   0.0 |   737
          D:12 |       0 |    1622 |   0.0 |       0 |      16 |   0.0 |   188
               +---------+---------+-------+---------+---------+-------+---------
